 Dungeon Crawl Stone Soup version 0.17.1-1-g73c8601 (webtiles) character file.

832 Nakatomy the Thaumaturge (level 7, -19/36 HPs)
             Began as a Deep Elf Necromancer on Dec 27, 2015.
             Killed from afar by Dowan (20 damage)
             ... with a stone arrow
             ... on level 5 of the Dungeon.
             The game lasted 00:35:15 (7053 turns).

Nakatomy the Thaumaturge (Deep Elf Necromancer)     Turns: 7053, Time: 00:35:15

Health: -19/36     AC:  2    Str:  5    XL:     7   Next: 65%
Magic:  7/21       EV: 13    Int: 22    God:
Gold:   245        SH:  0    Dex: 15    Spells: 4 memorised, 14 levels left

rFire  . . .     SeeInvis +     z - +2 dagger (drain)
rCold  . . .     Clarity  .     a - +0 robe
rNeg   . . .     SustAt   .     (no shield)
rPois  .         Gourm    .     (no helmet)
rElec  .         Spirit   .     (no cloak)
rCorr  .         Warding  .     (no gloves)
rMut   .         Stasis   .     (no boots)
MR     .....                    (no amulet)
Stlth  ++........               (no ring)
                                s - ring of see invisible

@: not resistant to hostile enchantments, unstealthy
A: no striking features
a: no special abilities


You were on level 5 of the Dungeon.
You were not hungry.

You visited 1 branch of the dungeon, and saw 5 of its levels.
You also visited: Sewer.

You collected 245 gold pieces.

Inventory:

Hand Weapons
 k - a +3 dagger
 u - the +6 great sword "Itatwisu" {antimagic, rF+}
   (You found it on level 4 of the Dungeon)

   It disrupts the flow of magical energy around spellcasters and certain
   magical creatures (including the wielder).
   It protects you from fire.
 z - a +2 dagger of draining (weapon)
Missiles
 g - 28 poisoned needles (quivered)
Armour
 a - a +0 robe (worn)
Jewellery
 s - a ring of see invisible (left hand)
Scrolls
 h - 2 scrolls of remove curse
 w - a scroll of noise {unknown}
 x - 2 scrolls of fog {unknown}
 y - a scroll of random uselessness {unknown}
Potions
 d - a potion of agility {unknown}
 e - a potion of invisibility
 f - a potion of flight {unknown}
 i - a potion of haste {unknown}
 j - a potion of ambrosia {unknown}
 l - 4 potions of might
 m - 5 potions of curing
 p - a potion of heal wounds {unknown}
 t - a potion of degeneration {unknown}
Books
 b - a book of Necromancy

   Spells                             Type                      Level
   a - Pain                           Necromancy                   1
   b - Animate Skeleton               Necromancy                   1
   c - Vampiric Draining              Necromancy                   3
   d - Regeneration                   Charms/Necromancy            3
   e - Animate Dead                   Necromancy                   4
   f - Control Undead                 Necromancy                   4
Comestibles
 c - 4 bread rations
 q - a meat ration
 A - a slice of pizza


   Skills:
 - Level 4.1 Short Blades
 - Level 2.4 Dodging
 - Level 2.4 Stealth
 + Level 8.6 Spellcasting
 + Level 6.9 Necromancy


You had 14 spell levels left.
You knew the following spells:

 Your Spells              Type           Power        Failure   Level  Hunger
a - Pain                  Necr           ####         1%          1    None
b - Animate Skeleton      Necr           N/A          1%          1    None
c - Vampiric Draining     Necr           #####.....   1%          3    None
d - Animate Dead          Necr           N/A          4%          4    ##.....


Dungeon Overview and Level Annotations

Branches:
Dungeon (5/15)
 Temple: D:4-7

Altars:
Ashenzari
Dithmenos
Elyvilon
Fedhas
Makhleb
Nemelex Xobeh
Okawaru
Qazlal

Annotations:
D:1 exclusion: gnoll
D:3 Clownie's ghost, weakling FeMo
D:5 Dowan


Message History

Gang up on whom?
Press: ? - help, Dir - move target cursor, f/p - Duvessa
Aim: Duvessa, wielding a short sword (almost dead, fast) Attack!
Duvessa hits you with a short sword!
Casting: Vampiric Draining
Confirm with . or Enter, or press ? or * to list all spells.
Aiming: Vampiric Draining
Press: ? - help, Shift-Dir - straight line, f/p - Duvessa
Aim: Duvessa, wielding a short sword (almost dead, fast)
You kill Duvessa!
Dowan screams, "No!
Oh no!"
Dowan seems to find hidden reserves of power!
You feel life coursing into your body. Dowan casts a spell at you.
The stone arrow hits you!
* * * LOW HITPOINT WARNING * * *
Dowan gestures at you while chanting. The stone arrow hits you!
Ouch! That really hurt!
You die...

..###...# *,,,,,,,,,,,,,***
###.....# *,,,,,,,,,,********
#....#..####,,,,,,,,,,,,.,,,,*
#..........#,,,,,,,,,,,..,,,,*
...........#,,,******,...,,,,*
...........##########...,,,,,*
..........###........###.,,,,*
.........................,,,,*
###.....##......@)e).....,,,,*
#.......##....####.......,,,,*
#.##'#..##....#***.......,,,,****
#.....####....#*,,.......,,,,,,,,
#.....####....##,,e......,,,,,,,,
...............+,,......#********
.###..........##,,......#,,,,,,,,
.............##*,,......#,,,,,,,,
###..........# ******,,,*,,,,,,≈,


You could see Dowan.

Vanquished Creatures
  Duvessa (D:5)
  An ogre (D:5)
  Blork the orc (D:4)
  3 big kobolds (Sewer)
  An orc priest (D:3)
  Ijyb (D:3)
  Jessica (D:3)
  A worker ant (D:4)
  5 gnolls (D:4)
  4 river rats (Sewer)
  10 adders
  2 oozes (Sewer)
  6 worms
  3 giant geckos
  4 orcs
  10 bats
  4 giant cockroaches
  6 goblins
  5 hobgoblins
  2 jackals (D:4)
  15 kobolds
  2 quokkas (D:3)
  6 ball pythons
  2 giant newts
  13 rats
109 creatures vanquished.

Vanquished Creatures (collateral kills)
  An ooze (Sewer)
  An adder skeleton (D:5)
  A bat (D:1)
  2 giant cockroaches
  2 goblins
  A hobgoblin (D:2)
  2 jackals (D:2)
  3 giant newts
  A jackal skeleton (D:5)
  2 kobolds
16 creatures vanquished.

Grand Total: 125 creatures vanquished

Notes
Turn   | Place    | Note
--------------------------------------------------------------
     0 | D:1      | Nakatomy the Deep Elf Necromancer began the quest for the Orb.
     0 | D:1      | Reached XP level 1. HP: 10/10 MP: 6/6
     2 | D:1      | Learned a level 1 spell: Animate Skeleton
   273 | D:1      | Reached skill level 5 in Necromancy
   529 | D:1      | Reached XP level 2. HP: 15/15 MP: 6/8
  1232 | D:2      | Reached XP level 3. HP: 7/19 MP: 0/10
  1727 | D:2      | Learned a level 3 spell: Vampiric Draining
  1813 | D:2      | Found a white marble altar of Elyvilon.
  1963 | D:2      | Reached XP level 4. HP: 17/24 MP: 4/12
  2503 | D:2      | Reached skill level 6 in Necromancy
  2772 | D:3      | Noticed Clownie's ghost (weakling FeMo)
  3112 | D:3      | Reached skill level 5 in Spellcasting
  3242 | D:3      | Reached skill level 1 in Short Blades
  3461 | D:3      | Noticed Jessica
  3467 | D:3      | Killed Jessica
  3467 | D:3      | Reached XP level 5. HP: 23/28 MP: 6/15
  3574 | D:2      | Found a shadowy altar of Dithmenos.
  3591 | D:3      | Found a shadowy altar of Dithmenos.
  3837 | D:3      | Noticed Ijyb
  3849 | D:3      | Killed Ijyb
  3998 | D:3      | Found an iron altar of Okawaru.
  4010 | D:3      | Your ally Ijyb died
  4266 | D:4      | Learned a level 4 spell: Animate Dead
  4406 | D:4      | Found a sparkling altar of Nemelex Xobeh.
  4713 | D:4      | Got a dazzling great sword
  4714 | D:4      | Identified the +6 great sword "Itatwisu" {antimagic, rF+} (You found it on level 4 of the Dungeon)
  4907 | D:4      | Reached XP level 6. HP: 27/32 MP: 11/17
  5029 | D:4      | Noticed Blork the orc
  5050 | D:4      | Killed Blork the orc
  5161 | D:5      | Entered Level 5 of the Dungeon
  5176 | D:5      | Found a stormy altar of Qazlal.
  5194 | D:5      | Found a burning altar of Makhleb.
  5208 | D:5      | Found a shattered altar of Ashenzari.
  5208 | D:5      | Found a blossoming altar of Fedhas.
  5298 | D:4      | Your ally Blork died
  5511 | D:5      | Found a glowing drain.
  5515 | Sewer    | Entered a sewer
  5748 | Sewer    | Reached skill level 7 in Spellcasting
  6151 | Sewer    | Reached XP level 7. HP: 30/36 MP: 14/20
  6622 | Sewer    | Reached skill level 8 in Spellcasting
  6823 | D:5      | Noticed Dowan
  6823 | D:5      | Noticed Duvessa
  7053 | D:5      | Killed Duvessa
  7053 | D:5      | HP: 1/36 [Dowan/stone arrow (14)]
  7053 | D:5      | Killed from afar by Dowan

Action                   |  1- 3 |  4- 6 |  7- 9 || total
-------------------------+-------+-------+-------++-------
Melee: Dagger            |       |     7 |       ||     7
 Cast: Pain              |    62 |   133 |    33 ||   228
       Animate Skeleton  |     9 |    19 |     7 ||    35
       Vampiric Draining |       |     8 |    10 ||    18
  Use: Scroll            |       |     6 |     1 ||     7
  Eat: Chunk             |     3 |    12 |     3 ||    18
       Beef jerky        |       |     1 |       ||     1
